 Dungeon Sprint DCSS version 0.22-a0-246-gdc04c06 (webtiles) character file.

17549 Lapis the Tortoise (level 12, -6/120 HPs)
             Began as a Naga Fighter on Feb 22, 2018.
             Was the Champion of Cheibriados.
             Hit by a large rock thrown by a stone giant (28 damage)
             ... in the Dungeon (Sprint V: "Ziggurat Sprint").
             The game lasted 00:08:29 (1059 turns).

Lapis the Tortoise (Naga Fighter)                   Turns: 1059, Time: 00:08:30

Health: -6/120     AC: 27    Str: 45    XL:     12   Next: 49%
Magic:  19/19      EV:  3    Int: 27    God:    Cheibriados [******]
Gold:   0          SH: 35    Dex: 31    Spells: 3/11 levels left

rFire    + + +     SeeInvis +   M - +8 lance "Wyrmbane" {slay drac, rPois rF+ rC+ AC+3}
rCold    + + +     Gourm    .   L - +18 shield of the Gong {rElec rN+ MR+ EV-5}
rNeg     + . .     Faith    .   S - +5 gold dragon scales
rPois    +         Spirit   .   (no helmet)
rElec    +         Reflect  .   x - scarf {rC+ rF+}
rCorr    .         Harm     .   (no gloves)
MR       ++...     NoTele   +   (no barding)
Stlth    ..........             (no amulet)
HPRegen  0.30/turn              B - +6 ring of strength
MPRegen  0.16/turn              V - ring "Uxijepn" {*Contam Int+5 Dex+8}

@: studying Shields, very slow
A: large, see invisible, clumsy 1, deformed body, deterioration 1, dopey 1,
poison resistance, slowness 2, slow metabolism 1, spit poison 1, AC +4
a: Spit Poison, Bend Time, Temporal Distortion, Slouch, Step From Time, Renounce
Religion


You were in the Dungeon.
You worshipped Cheibriados.
Cheibriados was exalted by your worship.
You were hungry.

You visited 1 branch

Inventory:

Hand Weapons
 a - a +0 long sword
 I - the +6 Majin-Bo {vamp, Archmagi MP+6 Int+6}
   (You found it in the Dungeon)

   It inflicts no extra harm, but heals its wielder when it wounds a living foe.
   It affects your intelligence (+6).
   It affects your magic capacity (+6).
 J - the cursed +14 obsidian axe {chop, +Fly SInv *Curse}
   (You found it in the Dungeon)

   It inflicts extra damage upon your enemies.
   It lets you see invisible.
   It lets you fly.
   It curses itself when equipped.
   It has a curse placed upon it.
 M - the +8 lance "Wyrmbane" (weapon) {slay drac, rPois rF+ rC+ AC+3}
   (You found it in the Dungeon)

   It affects your AC (+3).
   It protects you from fire.
   It protects you from cold.
   It protects you from poison.
 N - the +9 sword of Zonguldrok {reap}
   (You found it in the Dungeon)

   If a monster killed with it leaves a corpse in good enough shape, the corpse
   will be animated as a zombie friendly to the killer.
 O - a +5 demon blade
 P - a +5 double sword
Armour
 j - the +2 scale mail "Coxiyngige" {rF+ rC+}
   (You found it in the Dungeon)

   It protects you from fire.
   It protects you from cold.
 o - the +6 scale mail "Plog" {Dex+2}
   (You found it in the Dungeon)

   It affects your dexterity (+2).
 x - a scarf of resistance (worn)
 K - the +15 Maxwell's patent armour {-Cast -Tele rElec MR+ rCorr}
   (You found it in the Dungeon)

   It insulates you from electricity.
   It affects your resistance to hostile enchantments.
   It prevents spellcasting.
   It prevents most forms of teleportation.
   It protects you from acid and corrosion.
 L - the +18 shield of the Gong (worn) {rElec rN+ MR+ EV-5}
   (You found it in the Dungeon)

   It affects your evasion (-5).
   It insulates you from electricity.
   It protects you from negative energy.
   It affects your resistance to hostile enchantments.
 R - +5 fire dragon scales
 S - +5 gold dragon scales (worn)
 T - +5 ice dragon scales
Jewellery
 h - an uncursed amulet of magic regeneration
 q - an uncursed ring of magical power
 y - an uncursed ring of protection from magic
 B - a +6 ring of strength (left hand)
 C - a +6 ring of strength
 D - an uncursed ring of flight
 U - an uncursed ring of protection from magic
 V - the ring "Uxijepn" (right hand) {*Contam Int+5 Dex+8}
   (You found it in the Dungeon)

   [ring of intelligence]

   It affects your intelligence (+5).
   It affects your dexterity (+8).
   It causes magical contamination when unequipped.
 X - the ring of Phasing {EV+8}
   (You found it in the Dungeon)

   [ring of evasion]

   It affects your evasion (+8).
Wands
 E - a wand of disintegration (7)
 F - a wand of iceblast (7)
 G - a wand of acid (7)
Scrolls
 k - 4 scrolls of blinking
 r - 7 scrolls of fog
 s - 2 scrolls of holy word
 t - 5 scrolls of identify
 u - 5 scrolls of remove curse
 v - 2 scrolls of fear
Potions
 d - 6 potions of might
 e - 9 potions of curing
 g - 9 potions of heal wounds
 i - 6 potions of magic
 l - 2 potions of brilliance
 m - a potion of invisibility
 n - 4 potions of resistance
 p - 5 potions of agility
Books
 b - a manual of Shields
Miscellaneous
 c - a phial of floods
 w - a lightning rod (4/4)
 H - a crystal ball of energy
 W - a phantom mirror
 Z - 2 sacks of spiders
Comestibles
 f - 7 rations


   Skills:
 * Level 11.6 Fighting
 - Level 2.0 Long Blades
 + Level 13.8 Polearms
 - Level 17.3 Armour
 - Level 2.2 Dodging
 - Level 3.6 Stealth
 - Level 11.5 Shields
 - Level 9.8 Invocations


You had 3 spell levels left.
You knew the following spells:

 Your Spells              Type           Power        Failure   Level  Hunger
a - Statue Form           Tmut/Erth      #........    100%        6    #######
b - Blink                 Tloc           N/A          71%         2    ###....


Dungeon Overview and Level Annotations

Branches:
Dungeon (1/1)

Altars:
Ashenzari
Cheibriados
Dithmenos
Elyvilon
Fedhas
Gozag
Hepliaklqana
Kikubaaqudgha
Makhleb
Nemelex Xobeh
Okawaru
Qazlal
Ru
Sif Muna
Trog
Uskayaw
Vehumet
Wu Jian
Xom
Yredelemnul
Zin
The Shining One
Beogh
Jiyva
Lugonu


Innate Abilities, Weirdness & Mutations

You cannot wear boots.
Your serpentine skin is tough. (AC +4)
You have supernaturally acute eyesight. (SInv)
Armour fits poorly on your strangely shaped body.
Your system is resistant to poisons. (rPois)
You cover ground very slowly.
You have a slow metabolism.
You can spit poison.
You are clumsy. (Dex -2)
Your body sometimes deteriorates upon taking damage.
You are dopey. (Int -2)


Message History

Unknown command.
Unknown command.
You don't have enough magic at the moment.
Unknown command.
Unknown command.
Unknown command.
You don't have enough magic at the moment.
Unknown command.
The stone giant throws a large rock.
GONNNNG!
You block the large rock.
The stone giant throws a large rock.
The large rock hits you but does no damage.
The stone giant throws a large rock.
The large rock hits you!
* * * LOW HITPOINT WARNING * * *
Found five items.
You see here 3 large rocks.
Magic courses through your body. You block the vault guard's attack.
PANG!
The stone giant throws a large rock.
The large rock hits you!!
You die...

▓....©....▓
▓..}:):.=...▓▓▓▓▓▓▓▓▓▓▓
▓...)).))...▓...8©8...▓
▓.......)...▓.."†))|..▓
▓..)..).....▓...|†..†.▓
▓...).pC)...▓.........▓
▓...CpC.....▓.........▓
..▓..)..▓..▓..†......▓
▓.▓.@.▓.▓ ▓.........▓
▓..▓..(..▓..▓.........▓
▓.....©.....▓....©....▓
▓▓▓▓▓▓▓▓▓▓▓▓▓▓▓▓▓▓▓▓▓▓▓
▓...8©8...▓...8©8...▓..
▓..))|:}).▓≈≈||≈}}≈.▓..
▓..):}[)..▓≈.})[)).≈▓..
▓.........▓≈......≈.▓..
▓.........▓....≈.≈.≈▓..


You could see 3 stone giants and 2 vault guards.

Vanquished Creatures
  A merfolk javelineer (D)
  4 merfolk impalers (D)
  2 death oozes (D)
  5 vault guards (D)
  A merfolk aquamancer (D)
  A harpy (D)
  2 shining eyes (D)
  An eye of devastation (D)
  2 yaktaurs (D)
  A wind drake (shapeshifter) (D)
  5 jumping spiders (D)
  A blink frog (shapeshifter) (D)
  A slime creature (D)
  A hippogriff (shapeshifter) (D)
  2 snapping turtles (D)
  4 spriggans (D)
  A water elemental (D)
  3 tarantellas (D)
  2 yaks (D)
  A golden eye (D)
  A neqoxec (D)
  A golden eye (shapeshifter) (D)
  A soldier ant (shapeshifter) (D)
  A water moccasin (D)
  A porcupine (D)
  A black bear (D)
  4 wolves (D)
  8 scorpions (D)
  7 orc priests (D)
  A jelly (D)
  3 orc wizards (D)
  3 oozes (D)
  4 orcs (D)
  3 ball pythons (D)
  2 jackals (D)
82 creatures vanquished.

Notes
Turn   | Place    | Note
-------+----------+-------------------------------------------
     0 | D        | Found the +6 Majin-Bo {vamp, Archmagi MP+6 Int+6}
     0 | D        | Found the +7 great mace "Firestarter" {inner flame, rF++}
     0 | D        | Lapis the Naga Fighter began the quest for the Orb.
     0 | D        | Reached XP level 1. HP: 21/21 MP: 1/1
     0 | D        | Found a deep blue altar of Sif Muna.
     0 | D        | Found a bloodstained altar of Trog.
     0 | D        | Found a sacrificial altar of Ru.
     0 | D        | Found a stormy altar of Qazlal.
     0 | D        | Found an iron altar of Okawaru.
     1 | D        | Found a sparkling altar of Nemelex Xobeh.
     1 | D        | Found a blossoming altar of Fedhas.
     3 | D        | Found a transporter.
     3 | D        | Found an ancient bone altar of Kikubaaqudgha.
     3 | D        | Found a viscous altar of Jiyva.
     3 | D        | Found a corrupted altar of Lugonu.
     3 | D        | Found a hazy altar of Hepliaklqana.
     3 | D        | Found a burning altar of Makhleb.
     3 | D        | Found an opulent altar of Gozag.
    25 | D        | Found the +9 heavy crossbow "Sniper" {velocity, Acc+∞ SInv}
    25 | D        | Found the +10 dark maul {crush}
    25 | D        | Found the +15 Maxwell's patent armour {-Cast -Tele rElec MR+ rCorr}
    25 | D        | Found the +18 shield of the Gong {rElec rN+ MR+ EV-5}
    25 | D        | Found the cursed +14 obsidian axe {chop, +Fly SInv *Curse}
    27 | D        | Found the +6 shillelagh "Devastator" {shatter}
    27 | D        | Found the +11 plutonium sword {*Contam Stlth-}
    27 | D        | Found the +8 lance "Wyrmbane" {slay drac, rPois rF+ rC+ AC+3}
    27 | D        | Found the +9 sword of Zonguldrok {reap}
    27 | D        | Found the cursed +13 scythe of Curses {drain, *Curse}
    27 | D        | Found the +0 sword of Power
    27 | D        | Found the +8 mace of Variability {chaos}
    27 | D        | Found the +7 Singing Sword
    27 | D        | Found the +7 longbow "Piercer" {penet, EV-2}
    56 | D        | Became a worshipper of Cheibriados the Contemplative
   108 | D        | Entered arena 2.
   108 | D        | Noticed a scorpion
   108 | D        | Noticed a jumping spider
   108 | D        | Found a transporter.
   122 | D        | Killed a jumping spider
   122 | D        | Reached skill level 5 in Fighting
   122 | D        | Reached skill level 4 in Armour
   122 | D        | Reached skill level 5 in Shields
   122 | D        | Reached skill level 5 in Invocations
   122 | D        | Reached XP level 2. HP: 13/33 MP: 1/5
   122 | D        | Reached XP level 3. HP: 16/40 MP: 1/6
   122 | D        | Reached XP level 4. HP: 19/48 MP: 1/7
   122 | D        | Reached XP level 5. HP: 22/55 MP: 1/8
   124 | D        | Reached * piety under Cheibriados
   124 | D        | Reached skill level 5 in Armour
   124 | D        | Reached XP level 6. HP: 25/62 MP: 1/10
   306 | D        | Entered arena 3.
   306 | D        | Found a transporter.
   311 | D        | Reached skill level 5 in Polearms
   314 | D        | Reached ** piety under Cheibriados
   322 | D        | Got the ring "Uxijepn" {*Contam Int+5 Dex+8}
   538 | D        | Entered arena 4.
   538 | D        | Found a transporter.
   539 | D        | Found the ring of Phasing {EV+8}
   550 | D        | Reached *** piety under Cheibriados
   601 | D        | Entered arena 5.
   601 | D        | Noticed a water moccasin
   601 | D        | Found a transporter.
   606 | D        | Killed a water moccasin
   606 | D        | Reached **** piety under Cheibriados
   606 | D        | Reached XP level 7. HP: 72/72 MP: 10/12
   610 | D        | Reached ***** piety under Cheibriados
   621 | D        | Entered arena 6.
   621 | D        | Noticed a yak
   621 | D        | Noticed a yak
   621 | D        | Found a transporter.
   626 | D        | Killed a yak
   626 | D        | Reached skill level 6 in Armour
   627 | D        | Killed a yak
   627 | D        | Reached XP level 8. HP: 80/80 MP: 7/14
   669 | D        | Reached XP level 9. HP: 88/88 MP: 15/15
   672 | D        | Entered arena 7.
   672 | D        | Noticed a wind drake
   672 | D        | Gained mutation: You are clumsy. (Dex -2) [a neqoxec]
   673 | D        | Reached ****** piety under Cheibriados
   673 | D        | Reached skill level 10 in Polearms
   674 | D        | Reached skill level 7 in Armour
   674 | D        | Reached skill level 10 in Shields
   674 | D        | Killed a wind drake
   675 | D        | Found a transporter.
   733 | D        | Entered arena 8.
   733 | D        | Noticed a jumping spider
   733 | D        | Noticed a jumping spider
   734 | D        | Found a transporter.
   745 | D        | Killed a jumping spider
   749 | D        | Killed a jumping spider
   749 | D        | Reached XP level 10. HP: 94/99 MP: 15/17
   767 | D        | Got the +2 scale mail "Coxiyngige" {rF+ rC+}
   770 | D        | Got the +6 scale mail "Plog" {Dex+2}
   773 | D        | Entered arena 9.
   775 | D        | Found a transporter.
   795 | D        | Entered arena 10.
   796 | D        | Reached skill level 8 in Armour
   796 | D        | Reached skill level 9 in Armour
   797 | D        | Found a transporter.
   803 | D        | Got Iva Baaca's Sophisticated Hermeneutics
   818 | D        | Learned a level 6 spell: Statue Form
   821 | D        | Learned a level 2 spell: Blink
   834 | D        | Entered arena 11.
   835 | D        | Found the +7 sceptre of Torment
   835 | D        | Reached skill level 10 in Armour
   835 | D        | Reached skill level 11 in Armour
   836 | D        | Found a transporter.
   884 | D        | Entered arena 12.
   884 | D        | Noticed a harpy
   884 | D        | Noticed a merfolk impaler
   884 | D        | Noticed a merfolk impaler
   884 | D        | Noticed a merfolk aquamancer
   885 | D        | Noticed a merfolk impaler
   885 | D        | Noticed a merfolk javelineer
   886 | D        | Noticed a merfolk impaler
   886 | D        | Killed a harpy
   887 | D        | Reached skill level 12 in Armour
   888 | D        | Killed a merfolk aquamancer
   888 | D        | Reached XP level 11. HP: 99/106 MP: 7/18
   888 | D        | Killed a merfolk impaler
   888 | D        | Reached skill level 13 in Armour
   888 | D        | Killed a merfolk impaler
   888 | D        | Reached skill level 14 in Armour
   888 | D        | Killed a merfolk impaler
   888 | D        | Killed a merfolk javelineer
   888 | D        | Reached skill level 15 in Armour
   888 | D        | Killed a merfolk impaler
   889 | D        | Found a transporter.
   954 | D        | Entered arena 13.
   954 | D        | Noticed a death ooze
   955 | D        | Noticed a shining eye
   955 | D        | Noticed a shining eye
   955 | D        | Noticed a death ooze
   958 | D        | Killed a death ooze
   958 | D        | Reached skill level 16 in Armour
   958 | D        | Killed a death ooze
   960 | D        | Reached skill level 17 in Armour
   960 | D        | Reached XP level 12. HP: 112/114 MP: 3/19
   960 | D        | Gained mutation: You are dopey. (Int -2) [a shining eye]
   961 | D        | Found a transporter.
   961 | D        | Gained mutation: Your body sometimes deteriorates upon taking damage. [a shining eye]
  1053 | D        | Entered arena 14.
  1054 | D        | Noticed a stone giant
  1054 | D        | Noticed a vault guard
  1054 | D        | Noticed a stone giant
  1054 | D        | Noticed a vault guard
  1054 | D        | Noticed a vault guard
  1054 | D        | Noticed a vault guard
  1055 | D        | Found the +3 Elemental Staff {rElec rF++ rC++ MR++ AC+5}
  1055 | D        | Noticed a vault guard
  1057 | D        | Noticed a vault guard
  1057 | D        | Noticed a stone giant
  1057 | D        | Killed a vault guard
  1057 | D        | Reached skill level 10 in Fighting
  1057 | D        | Killed a vault guard
  1057 | D        | Killed a vault guard
  1057 | D        | Killed a vault guard
  1057 | D        | Killed a vault guard
  1058 | D        | Noticed a vault guard
  1059 | D        | Hit by a large rock thrown by a stone giant

Vault maps used:
D:        sprint_v

Skill      XL: |  1  2  3  4  5  6  7  8  9 10 11 12 |
---------------+-------------------------------------+-----
Fighting       | 5 6 7 8 9 11 | 11.6
Polearms       | 4 6 8 9 11 12 13 | 13.8
Armour         | 4 5 6 7 12 17 | 17.3
Stealth        | 3 |  3.6
Shields        | 5 6 7 8 11 | 11.5
Invocations    | 5 6 8 9 |  9.8
Dodging        | 2 |  2.2
Long Blades    | |  2.0

Action                   |  1- 3 |  4- 6 |  7- 9 | 10-12 || total
-------------------------+-------+-------+-------+-------++-------
Melee: Lance             |    10 |    25 |    24 |    11 ||    70
Invok: Slouch            |       |       |     3 |    12 ||    15
  Use: Potion            |     2 |       |     1 |     2 ||     5
 Stab: Invisible         |     2 |       |       |       ||     2
Armor: Plate armour      |    12 |    10 |     9 |       ||    31
       Gold dragon scale |       |       |       |     1 ||     1
Dodge: Dodged            |     1 |       |       |       ||     1
Block: Shield            |    22 |    36 |    36 |    25 ||   119

Table legend:
 A = Spawn XP
 B = Non-spawn XP
 C = Spawn XP percentage of total XP
 D = Spawn monster count
 E = Non-spawn monster count
 F = Spawn count percentage of total count
 G = Total turns spent on level
                    A         B        C        D         E        F      G
               +---------+---------+-------+---------+---------+-------+---------
         Total |       0 |   23831 |   0.0 |       0 |      82 |   0.0 |  1059
               +---------+---------+-------+---------+---------+-------+---------
             D |       0 |   23831 |   0.0 |       0 |      82 |   0.0 |  1059
               +---------+---------+-------+---------+---------+-------+---------
